 Dungeon Crawl Stone Soup version 0.30.0-10-gfe55d96785 (webtiles) character file.

Game seed: 8663929224405600290

382 Mahakala the Vexing (level 7, 0/36 HPs)
             Began as a Kobold Enchanter on May 14, 2023.
             Was an Initiate of Dithmenos.
             Slain by Grinder (1 damage)
             ... on level 4 of the Dungeon.
             The game lasted 00:20:38 (5053 turns).

Mahakala the Vexing (Kobold Enchanter)              Turns: 5053, Time: 00:20:39

Health: 0/36       AC:  2    Str:  6    XL:     7   Next: 5%
Magic:  8/10       EV: 16    Int: 18    God:    Dithmenos [......]
Gold:   185        SH:  0    Dex: 15    Spells: 5/10 levels left

rFire   . . .        a - +1 dagger
rCold   . . .        (no shield)
rNeg    . . .        z - +0 robe
rPois   .            (no helmet)
rElec   .            (no cloak)
rCorr   .            (no gloves)
SInv    .            (no boots)
Will    .....        (no amulet)
Stlth   ++++         (no ring)
HPRegen 0.26/turn    (no ring)
MPRegen 0.12/turn

%: no passive effects
@: no status effects
A: small, no large weapons, nightstalker 3
a: Renounce Religion


You were on level 4 of the Dungeon.
You worshipped Dithmenos.
Dithmenos was noncommittal.
You visited 1 branch of the dungeon, and saw 4 of its levels.
You also visited: Sewer.

You collected 185 gold pieces.

Inventory:

Hand Weapons
 a - a +1 dagger (weapon)
 b - a +2 short sword of draining
Missiles
 f - 37 stones (quivered)
 q - 2 atropa-tipped darts {!f}
 t - 4 poisoned darts
 v - 6 boomerangs
Armour
 l - a +0 leather armour
 z - a +0 robe (worn)
Jewellery
 x - a ring of wizardry
 y - a ring of protection from fire
Wands
 u - a wand of paralysis (11)
Scrolls
 g - 6 scrolls of teleportation {@r4}
 j - 3 scrolls of identify {unknown}
 n - 2 scrolls of amnesia {unknown}
 o - 2 scrolls of vulnerability {unknown}
 p - 2 scrolls of magic mapping {unknown}
 s - a scroll of blinking {unknown}
Potions
 c - 2 potions of invisibility
 d - 2 potions of flight {unknown}
 e - 4 potions of heal wounds {@q2}
 h - a potion of degeneration {unknown}
 i - 2 potions of might {unknown}
 k - a potion of curing {unknown}
 m - a potion of magic {unknown}
 r - 2 potions of attraction {unknown}
 w - a potion of ambrosia {unknown}


   Skills:
 - Level 4.0 Short Blades
 - Level 4.0 Dodging
 - Level 5.0 Stealth
 - Level 2.1 Spellcasting
 + Level 5.3 Hexes
 - Level 2.0 Ice Magic


You had 5 spell levels left.
You knew the following spells:

 Your Spells              Type           Power      Damage    Failure   Level
x - Confusing Touch       Hex            21%        N/A       6%          3
z - Ensorcelled Hibernat  Hex/Ice        30%        N/A       6%          2

Your spell library contained the following spells:

 Spells                   Type           Power      Damage    Failure   Level
 Tukima's Dance           Hex            21%        N/A       6%          3
 Dazzling Flash           Conj/Hex       22%        N/A       19%         3


Dungeon Overview and Level Annotations

Branches:
Dungeon (4/15)              Sewer (visited)
 Temple: D:4-7

Altars:
Ashenzari
Dithmenos
Kikubaaqudgha
Makhleb
Ru
Sif Muna
Uskayaw

Annotations:
D:4 1 runed translucent door, Crazy Yiuf, Grinder


Innate Abilities, Weirdness & Mutations

You are small and have problems with some larger weapons.
You are completely attuned to the shadows.


Message History

You can move again.
Unknown command.
Unknown command.
Grinder blinks!
The hound pauses to sniff the ground.
The hound closely misses you.
You completely miss Grinder. The hound barely misses you.
Grinder hits you but does no damage.
You barely miss Grinder. The hound misses you. Grinder closely misses you.
You closely miss Grinder. You punch Grinder.
Grinder is lightly wounded.
The hound bites you. Grinder misses you. The hound bites you.
You closely miss Grinder. You punch Grinder, but do no damage.
Grinder is lightly wounded.
Grinder gestures at you.
You suddenly lose the ability to move!
The hound bites you. Grinder hits you.
You writhe in agony.
* * * LOW HITPOINT WARNING * * *
The hound bites you.
* * * LOW HITPOINT WARNING * * *
Grinder hits you.
* * * LOW HITPOINT WARNING * * *
You writhe in agony.
* * * LOW HITPOINT WARNING * * *
The hound bites you.
* * * LOW HITPOINT WARNING * * *
Grinder hits you but does no damage. The hound bites you but does no damage.
Grinder gestures at you.
You shrug off the repeated paralysis!
You can move again.
You hit Grinder but do no damage.
Grinder appears confused.
Grinder is lightly wounded.
The hound barely misses you. Grinder completely misses you.
Grinder closely misses you. The hound attacks as you move away!
The hound bites you.
* * * LOW HITPOINT WARNING * * *
The hound bites you.
* * * LOW HITPOINT WARNING * * *
Grinder hits you.
You die...

#. #. #.
############ #.
#..........# #.
#.########.# #.
#.......[#.#######
#..#####.#........
####@5#
#<#.#########
...[h.###.#.#
#####W#...#.#
#.#.###.#
#.#.....#
#.####### #.#


You could see Grinder (fast, confused), a phantom and a hound.

Vanquished Creatures
  Eustachio (D:4)
  2 sleepcaps
  A river rat (Sewer)
  8 adders
  A worm (D:2)
  3 dart slugs
  2 orcs (D:4)
  14 ball pythons
  4 endoplasms
  14 giant cockroaches
  A goblin (D:1)
  5 hobgoblins
  4 quokkas
  5 bats
  11 frilled lizards
  7 kobolds
  13 rats
96 creatures vanquished.

Notes
Turn   | Place    | Note
-------+----------+-------------------------------------------
     0 | D:1      | Mahakala the Kobold Enchanter began the quest for the Orb.
     0 | D:1      | Reached XP level 1. HP: 10/10 MP: 3/3
   398 | D:1      | Reached XP level 2. HP: 15/15 MP: 5/5
   401 | D:1      | Learned a level 2 spell: Ensorcelled Hibernation
   441 | D:1      | Found a faded altar of an unknown god.
   845 | D:1      | Reached XP level 3. HP: 19/19 MP: 6/6
  1327 | D:2      | Learned a level 3 spell: Confusing Touch
  2102 | D:3      | Reached skill level 1 in Ice Magic
  2119 | D:3      | Reached XP level 4. HP: 24/24 MP: 5/7
  2216 | D:3      | Found a glowing drain.
  2268 | Sewer    | Entered a sewer
  2666 | Sewer    | Reached XP level 5. HP: 28/28 MP: 8/8
  3569 | D:3      | Found a sacrificial altar of Ru.
  3680 | D:3      | Reached skill level 5 in Stealth
  3680 | D:3      | Reached XP level 6. HP: 32/32 MP: 9/9
  3794 | D:3      | Found a shimmering blue altar of Sif Muna.
  4082 | D:4      | Noticed Eustachio
  4601 | D:4      | Killed Eustachio
  4602 | D:4      | Reached skill level 5 in Hexes
  4602 | D:4      | Reached XP level 7. HP: 28/36 MP: 2/10
  4830 | D:4      | Found a burning altar of Makhleb.
  4835 | D:4      | Found an ancient bone altar of Kikubaaqudgha.
  4840 | D:4      | Found a hide-covered altar of Uskayaw.
  4898 | D:4      | Found a shadowy altar of Dithmenos.
  4902 | D:4      | Found a broken altar of Ashenzari.
  4904 | D:4      | Became a worshipper of Dithmenos the Shadowed
  5005 | D:4      | Found a runed translucent door.
  5008 | D:4      | Noticed Crazy Yiuf
  5040 | D:4      | Noticed Grinder
  5041 | D:4      | Paralysed by Grinder for 2 turns
  5048 | D:4      | Paralysed by Grinder for 2 turns
  5053 | D:4      | HP: 1/36 [hound (2)]
  5053 | D:4      | Slain by Grinder

Illustrated notes

Levels and vault maps discovered:
D:1:      saegor_arrival_under_anarchy, layout_basic,
          shapermc_ecumenical_altar_mp_highgroup, minmay_cut_off
D:2:      layout_loops_cross, minmay_split_cup_small
D:3:      layout_loops_cross, mainiacjoe_overflow_brackets,
          nicolae_ru_the_path_less_chosen, gup_sewer_entry_pipe
D:4:      layout_basic, nicolae_overflow_hallway_of_the_gods, uniq_eustachio,
          uniq_crazy_yiuf_cottage, uniq_grinder

Skill      XL: |  1  2  3  4  5  6 |
---------------+-------------------+-----
Short Blades   | 2 3 4 |  4.0
Ice Magic      | 1 2 |  2.0
Hexes          | 4 5 |  5.3
Dodging        | 3 4 |  4.0
Stealth        | 5 |  5.0
Spellcasting   | |  2.1

Action                     |  1- 3 |  4- 6 |  7- 9 || total
---------------------------+-------+-------+-------++-------
  Melee: Dagger            |   125 |   164 |    10 ||   299
         Punch             |     1 |     1 |     2 ||     4
   Cast: Ensorcelled Hiber |    15 |    36 |       ||    51
         Confusing Touch   |       |     7 |     3 ||    10
    Use: Scroll            |     1 |       |       ||     1
         Potion            |       |     1 |       ||     1
   Stab: Sleeping          |    23 |    32 |     2 ||    57
         Confused          |       |     4 |       ||     4
 Armour: Robe              |    16 |    18 |     3 ||    37
  Dodge: Dodged            |    99 |   128 |    11 ||   238
